 Dungeon Crawl Stone Soup version 0.24.0-37-gcf1ca852f1 (webtiles) character file.

Game seed: 16871783276704574185, levelgen mode: deterministic

917 FishyPogo the Cutter (level 8, -2/60 HPs)
             Began as a Gnoll Chaos Knight on Nov 30, 2019.
             Was a Plaything of Xom.
             Slain by a hound (4 damage)
             ... on level 6 of the Dungeon.
             The game lasted 00:18:27 (4453 turns).

FishyPogo the Cutter (Gnoll Chaos Knight)           Turns: 4453, Time: 00:18:27

Health: -2/60      AC:  9    Str: 16    XL:     8   Next: 9%
Magic:  12/12      EV: 13    Int: 15    God:    Xom [......]
Gold:   361        SH:  5    Dex: 15    Spells: 12/12 levels left

rFire    + . .     SeeInvis .   a - +1 short sword (chaos)
rCold    . . .     Gourm    .   t - +0 buckler
rNeg     . . .     Faith    .   b - +3 leather armour {rF+}
rPois    .         Spirit   .   (no helmet)
rElec    .         Reflect  .   (no cloak)
rCorr    .         Harm     .   p - +0 pair of gloves
MR       .....                  j - +0 pair of boots
Stlth    ++........             (no amulet)
HPRegen  0.20/turn              (no ring)
MPRegen  0.13/turn              (no ring)

@: slowed, very slow
A: distributed training, fangs 1, frail 1, subdued magic 1, strong nose
a: Renounce Religion


You were on level 6 of the Dungeon.
You worshipped Xom.
You were a very special plaything of Xom.
You were hungry.

You visited 2 branches of the dungeon, and saw 8 of its levels.

You collected 361 gold pieces.

Inventory:

Hand Weapons
 a - a +1 short sword of chaos (weapon)
 u - a +0 hand axe of flaming
 A - a +2 scythe of protection
Missiles
 e - 102 stones (quivered)
 y - 2 boomerangs of dispersal
 C - 8 silver javelins
 F - 7 poisoned darts
Armour
 b - a +3 leather armour of fire resistance (worn)
 j - a +0 pair of boots (worn)
 p - a +0 pair of gloves (worn)
 t - a +0 buckler (worn)
Wands
 v - a wand of acid (7)
 D - a wand of random effects (9)
 G - a wand of flame (21)
 J - a wand of polymorph (12)
Scrolls
 d - 2 scrolls of remove curse {unknown}
 h - 2 scrolls of amnesia {unknown}
 i - 3 scrolls of enchant armour {unknown}
 l - 6 scrolls of identify {unknown}
 m - 3 scrolls of enchant weapon
 o - a scroll of blinking {unknown}
 q - 8 scrolls of teleportation {unknown}
 r - 2 scrolls of magic mapping {unknown}
 x - a scroll of immolation {unknown}
Potions
 f - 2 potions of agility {unknown}
 g - 2 potions of flight
 k - 2 potions of berserk rage {unknown}
 s - a potion of might {unknown}
 w - 2 potions of curing
 z - a potion of brilliance {unknown}
 B - a potion of degeneration {unknown}
 E - a potion of mutation {unknown}
 H - a potion of heal wounds {unknown}
Comestibles
 c - 9 rations
 I - 7 chunks of flesh


   Skills:
 + Level 7.2 Fighting
 + Level 7.2 Short Blades
 + Level 2.9 Long Blades
 + Level 2.9 Axes
 + Level 2.9 Maces & Flails
 + Level 2.9 Polearms
 + Level 2.9 Staves
 + Level 2.9 Slings
 + Level 2.9 Bows
 + Level 2.9 Crossbows
 + Level 2.9 Throwing
 + Level 5.4 Armour
 + Level 3.9 Dodging
 + Level 2.9 Stealth
 + Level 2.9 Shields
 + Level 2.9 Unarmed Combat
 + Level 2.9 Spellcasting
 + Level 2.3 Conjurations
 + Level 2.3 Hexes
 + Level 2.3 Charms
 + Level 2.3 Summonings
 + Level 2.3 Necromancy
 + Level 2.3 Translocations
 + Level 2.3 Transmutations
 + Level 2.3 Fire Magic
 + Level 2.3 Ice Magic
 + Level 2.3 Air Magic
 + Level 2.3 Earth Magic
 + Level 2.3 Poison Magic
 + Level 3.2 Invocations
 + Level 2.9 Evocations


You had 12 spell levels left.
You didn't know any spells.
Your spell library contained the following spells:

 Spells                   Type           Power        Failure   Level  Hunger
 Confusing Touch          Hex            #.....       9%          1    #......
 Freeze                   Ice            #...         9%          1    #......
 Throw Frost              Conj/Ice       #.....       13%         2    ##.....
 Confuse                  Hex            #.......     26%         3    ###....
 Gell's Gravitas          Tloc           #.........   26%         3    ###....
 Ozocubu's Armour         Chrm/Ice       #.......     26%         3    ###....
 Petrify                  Tmut/Erth      #.......     67%         4    #####..
 Summon Ice Beast         Ice/Summ       #.......     67%         4    #####..
 Throw Icicle             Conj/Ice       #.......     67%         4    #####..
 Metabolic Englaciation   Hex/Ice        #.........   95%         5    ######.
 Yara's Violent Unravell  Hex/Tmut       #.........   95%         5    ######.


Dungeon Overview and Level Annotations

Branches:
Dungeon (7/15)             Temple (1/1) D:4

Altars:
Ashenzari
Cheibriados
Dithmenos
Fedhas
Makhleb
Okawaru
Qazlal
Ru
Sif Muna
Trog
Uskayaw
Vehumet
Wu Jian
Xom
Zin
The Shining One


Innate Abilities, Weirdness & Mutations

Your experience applies equally to all skills.
You have very sharp teeth.
Your uncanny sense of smell can sniff out nearby items.
You are frail. (-10% HP)
Your spells are a little easier to cast, but a little less powerful.


Message History

The orc wizard casts a spell.
The orc wizard blinks!
You block the hound's attack. The orc barely misses you.
The orc hits you but does no damage.
The small abomination hits you but does no damage.
The hound barely misses you.
The small abomination barely misses you.
You block the orc's attack. The small abomination hits you.
The orc completely misses you.
The small abomination barely misses you.
You block the hound's attack.
The orc wizard casts a spell.
The orc wizard blinks!
The hound closely misses you. The small abomination hits you!
* * * LOW HITPOINT WARNING * * *
You block the small abomination's attack.
It was a potion of curing.
You feel better. You block the hound's attack. The small abomination hits you!!
* * * LOW HITPOINT WARNING * * *
The hound bites you.
You die...

..### #..........#
#....##..........#
#...............#
##...............###
#...................
####...................
#...§§............÷....
....§§§§§..........._÷_
....§§@xo§......_......
....§xhx§§.............
%....§o§§§.............
......§§............÷..
.........##....._.......
.........####...........
.........# #...........
...(.....# #...........
.##.....# #...........


You could see 3 small abominations, a hound and 2 orcs.

Vanquished Creatures
  Sigmund (D:5)
  A phantom (D:6)
  An ogre (D:4)
  A scorpion (D:5)
  A howler monkey (D:5)
  2 hounds
  2 orc priests
  3 worker ants (D:4)
  An iguana (D:4)
  An orc wizard (D:6)
  2 hound skeletons (D:4)
  A worker ant zombie (D:5)
  3 gnolls (D:3)
  10 adders
  An ooze (D:3)
  2 worms
  5 dart slugs
  5 leopard geckos
  17 orcs
  2 ball pythons (D:2)
  6 bats
  3 giant cockroaches
  5 hobgoblins
  6 quokkas
  9 frilled lizards
  7 goblins
  5 kobolds
  9 rats
  A butterfly (D:5)
113 creatures vanquished.

Vanquished Creatures (collateral kills)
  A leopard gecko (D:4)
1 creature vanquished.

Grand Total: 114 creatures vanquished

Notes
Turn   | Place    | Note
-------+----------+-------------------------------------------
     0 | D:1      | FishyPogo the Gnoll Chaos Knight began the quest for the
                  | Orb.
     0 | D:1      | Reached XP level 1. HP: 23/23 MP: 1/1
   202 | D:1      | Reached XP level 2. HP: 29/29 MP: 2/2
   364 | D:1      | Reached XP level 3. HP: 34/35 MP: 3/3
   762 | D:1      | XOM: divination: magic mapping
   781 | D:2      | XOM: divination: detect items
   827 | D:2      | Reached skill level 1 in Invocations
   897 | D:2      | XOM: harmless Hex miscast
   905 | D:2      | Reached skill level 1 in Long Blades
   905 | D:2      | Reached skill level 1 in Axes
   905 | D:2      | Reached skill level 1 in Maces & Flails
   905 | D:2      | Reached skill level 1 in Polearms
   905 | D:2      | Reached skill level 1 in Staves
   905 | D:2      | Reached skill level 1 in Slings
   905 | D:2      | Reached skill level 1 in Bows
   905 | D:2      | Reached skill level 1 in Crossbows
   905 | D:2      | Reached skill level 1 in Throwing
   905 | D:2      | Reached skill level 1 in Stealth
   905 | D:2      | Reached skill level 1 in Shields
   905 | D:2      | Reached skill level 1 in Unarmed Combat
   905 | D:2      | Reached skill level 1 in Spellcasting
   905 | D:2      | Reached skill level 1 in Evocations
   931 | D:2      | XOM: divination: magic mapping
  1016 | D:2      | Reached XP level 4. HP: 41/41 MP: 5/5
  1337 | D:2      | Found a stormy altar of Qazlal.
  1464 | D:3      | Found a shadowy altar of Dithmenos.
  1567 | D:3      | Reached skill level 1 in Conjurations
  1567 | D:3      | Reached skill level 1 in Hexes
  1567 | D:3      | Reached skill level 1 in Charms
  1567 | D:3      | Reached skill level 1 in Summonings
  1567 | D:3      | Reached skill level 1 in Necromancy
  1567 | D:3      | Reached skill level 1 in Translocations
  1567 | D:3      | Reached skill level 1 in Transmutations
  1567 | D:3      | Reached skill level 1 in Fire Magic
  1567 | D:3      | Reached skill level 1 in Ice Magic
  1567 | D:3      | Reached skill level 1 in Air Magic
  1567 | D:3      | Reached skill level 1 in Earth Magic
  1567 | D:3      | Reached skill level 1 in Poison Magic
  1575 | D:3      | XOM: mild Chrm miscast
  1586 | D:3      | XOM: harmless Hex miscast
  1634 | D:3      | XOM: noise
  1921 | D:3      | Reached XP level 5. HP: 44/47 MP: 6/6
  2252 | D:3      | XOM: cloud trail
  2276 | D:4      | Noticed an ogre
  2291 | D:4      | Killed an ogre
  2314 | D:4      | Reached XP level 6. HP: 19/53 MP: 8/8
  2406 | D:4      | You fall into a shaft and drop 3 floors!
  2490 | D:6      | XOM: enchant monster (bad)
  2593 | D:5      | Entered Level 5 of the Dungeon
  2671 | D:4      | XOM: fake destruction
  2677 | D:4      | Reached skill level 5 in Armour
  2684 | D:4      | XOM: enchant monster (good)
  2686 | D:4      | XOM: cast spell 'Summon Ice Beast'
  2732 | D:4      | XOM: cloud trail
  2814 | D:4      | Gained mutation: You are frail. (-10% HP) [mutagenic glow]
  2876 | D:4      | Found an iron altar of Okawaru.
  2891 | D:4      | Gained mutation: Your spells are a little easier to cast,
                  | but a little less powerful. [mutagenic glow]
  2951 | D:4      | Reached XP level 7. HP: 37/53 MP: 10/10
  3006 | D:4      | XOM: noise
  3120 | D:4      | Found a staircase to the Ecumenical Temple.
  3227 | D:4      | Found a shattered altar of Ashenzari.
  3311 | Temple   | Entered the Ecumenical Temple
  3584 | D:5      | Found a glowing silver altar of Zin.
  3712 | D:5      | Found a shimmering altar of Xom.
  3854 | D:5      | Noticed Sigmund
  3870 | D:5      | Killed Sigmund
  4250 | D:5      | XOM: fake destruction
  4263 | D:5      | Found a burning altar of Makhleb.
  4293 | D:5      | XOM: summons 1 hostile demon
  4366 | D:6      | XOM: scenery: create altars
  4382 | D:6      | Reached XP level 8. HP: 30/60 MP: 12/12
  4449 | D:6      | XOM: medium Summ miscast
  4450 | D:6      | Noticed a small abomination
  4453 | D:6      | HP: 2/60 [small abomination[the capriciousness of Xom]
                  | (20)]
  4453 | D:6      | Slain by a hound

Levels and vault maps discovered:
D:1:      minmay_arrival_checkered_box, layout_basic
D:2:      layout_rooms, nicolae_qazlal_general_emergency
D:3:      layout_basic, nicolae_dithmenos_shadow_blocks, first_ration
D:4:      minmay_chambers_of_twos, layout_cave_pools, marbit_many_paths,
          okawaru_ov_weapons_minmay, minmay_temple_entry_purple_smoke
D:5:      layout_loops_corners, overflow_temple_1_default, xom_butterflies,
          lemuel_coloured_pillars_altar, uniq_sigmund
D:6:      layout_cave_pods, serial_shops, nicolae_shop_statue_plus,
          chequers_serial_rivers_small_3
D:7:      layout_basic
Temple:   cyrus_temple_forest

Skill      XL: |  1  2  3  4  5  6  7 |
---------------+----------------------+-----
Invocations    | 1 2 3 |  3.2
Long Blades    | 1 2 |  2.9
Axes           | 1 2 |  2.9
Maces & Flails | 1 2 |  2.9
Polearms       | 1 2 |  2.9
Staves         | 1 2 |  2.9
Slings         | 1 2 |  2.9
Bows           | 1 2 |  2.9
Crossbows      | 1 2 |  2.9
Throwing       | 1 2 |  2.9
Stealth        | 1 2 |  2.9
Shields        | 1 2 |  2.9
Unarmed Combat | 1 2 |  2.9
Spellcasting   | 1 2 |  2.9
Evocations     | 1 2 |  2.9
Conjurations   | 1 2 |  2.3
Hexes          | 1 2 |  2.3
Charms         | 1 2 |  2.3
Summonings     | 1 2 |  2.3
Necromancy     | 1 2 |  2.3
Translocations | 1 2 |  2.3
Transmutations | 1 2 |  2.3
Fire Magic     | 1 2 |  2.3
Ice Magic      | 1 2 |  2.3
Air Magic      | 1 2 |  2.3
Earth Magic    | 1 2 |  2.3
Poison Magic   | 1 2 |  2.3
Dodging        | 3 |  3.9
Armour         | 5 |  5.4
Fighting       | 7 |  7.2
Short Blades   | 7 |  7.2

Action                   |  1- 3 |  4- 6 |  7- 9 || total
-------------------------+-------+-------+-------++-------
Melee: Short sword       |   119 |   211 |   139 ||   469
       Bite              |     4 |    36 |    22 ||    62
Throw: Stone             |     3 |    13 |       ||    16
Evoke: Wand              |       |       |     3 ||     3
  Use: Potion            |       |     1 |     1 ||     2
       Scroll            |       |       |     2 ||     2
 Stab: Sleeping          |       |     2 |     2 ||     4
       Paralysed         |       |     2 |       ||     2
       Petrifying        |       |     1 |       ||     1
       Confused          |       |     1 |     1 ||     2
  Eat: Chunk             |       |     7 |     4 ||    11
Armor: Leather armour    |    40 |    52 |    35 ||   127
Dodge: Dodged            |    56 |    92 |    75 ||   223
Block: Buckler           |       |    26 |    25 ||    51
